Map: Eternal Empire LE

Players

soul

  • Race: Terran Terran
  • League: Grandmaster
  • Spawn Location: 7:00

Serral - Winner!

  • Race: Zerg Zerg
  • League: Master
  • Spawn Location: 1:00

Event: DreamHack SC2 Masters 2020 Summer Europe

VOD

Have the link to the VOD?

Description

Time

  • Played on: June 25, 2020, 1:33 p.m.
  • Length: 11:22

All games in this series

Show
View Real Time Build Order
Export as new Build Order

soul Terran 

Build Orders: Reaper Expand 

Get SALT Encoding   

  12  0:00  SCV  
  13  0:12  SCV  
  14  0:17  Supply Depot  
  14  0:25  SCV  
  15  0:38  SCV  
  15  0:41  Barracks  
  16  0:45  Refinery  
  16  0:51  SCV  
  17  1:03  SCV  
  18  1:15  SCV  
  19  1:28  Reaper  
  19  1:29  Orbital Command  
  20  1:43  Command Center  
  20  1:52  Supply Depot  
  20  1:56  SCV  
  20  2:00  Marine  
  22  2:08  SCV  
  23  2:11  Factory  
  23  2:21  Bunker  
  23  2:22  SCV  
  24  2:25  Barracks Tech Lab  
  24  2:28  Refinery  
  24  2:34  SCV  
  25  2:46  SCV  
  25  2:48  Bunker  
  25  3:01  SCV  
  25  3:03  Cyclone  
  25  3:04  Marine  
  30  3:13  SCV  
  31  3:25  SCV  
  32  3:30  Factory  
  32  3:35  Cyclone  
  32  3:37  SCV  
  36  3:52  Barracks Reactor  
  36  3:56  Supply Depot  
  36  3:57  Orbital Command  
  36  3:58  Supply Depot  
  36  4:00  Engineering Bay  
  34  4:05  SCV  
  35  4:15  Factory Tech Lab  
  35  4:18  SCV  
  37  4:24  SCV  
  37  4:30  SCV  
  38  4:35  Cyclone  
  38  4:36  SCV  
  42  4:39  Supply Depot  
  42  4:46  Hellion  
  42  4:48  Hellion  
  46  4:54  Supply Depot  
  46  5:00  SCV x2  
  48  5:07  Cyclone  
  52  5:16  Barracks  
  52  5:19  Hellion  
  52  5:20  Hellion  
  56  5:22  Infernal Pre-Igniter  
  56  5:25  SCV  
  56  5:27  SCV  
  57  5:37  SCV  
  57  5:42  Siege Tank  
  62  5:50  Supply Depot  
  62  5:51  Supply Depot  
  62  5:56  Hellion x2  
  62  6:00  Supply Depot  
  62  6:06  Barracks Reactor  
  62  6:12  SCV x2  
  62  6:14  Cyclone  
  67  6:24  SCV  
  68  6:27  SCV  
  69  6:33  Hellion x2  
  73  6:41  SCV  
  73  6:43  SCV  
  73  6:46  Cyclone  
  63  6:54  Hellion x2  
  63  6:55  Orbital Command  
  66  7:08  Command Center  
  66  7:09  SCV  
  67  7:18  Cyclone  
  67  7:21  SCV  
  67  7:22  Orbital Command, SCV  
  72  7:33  Hellion, SCV  
  72  7:34  Hellion  
  77  7:43  Supply Depot x2  
  77  7:45  SCV  
  77  7:47  SCV, Barracks  
  79  7:56  Marine x2  
  84  8:03  Siege Tank  
  84  8:10  Barracks  
  84  8:11  SCV  
  85  8:12  Starport  
  85  8:13  SCV  
  86  8:27  Supply Depot, Engineering Bay  
  86  8:28  Orbital Command  
  86  8:29  Engineering Bay  
  86  8:35  Siege Tank  
  86  8:37  Refinery  
  86  8:38  Refinery  
  86  8:41  SCV x2  
  90  8:52  Barracks Tech Lab  
  90  8:53  SCV  
  90  8:54  Starport Reactor  
  90  8:55  Factory Tech Lab  
  91  9:00  SCV  
  92  9:03  Terran Infantry Weapons Level 1, Terran Infantry Armor Level 1  
  92  9:07  Marine x4  
  96  9:11  Supply Depot  
  96  9:14  Marine  
  96  9:15  Supply Depot  
  96  9:16  Orbital Command, SCV  
  98  9:20  SCV  
  98  9:22  Siege Tank  
  102  9:28  SCV  
  103  9:35  Stimpack  
  103  9:39  Barracks  
  103  9:41  Barracks  
  103  9:43  SCV x2  
  105  9:51  Missile Turret  
  103  9:54  Missile Turret  
  103  9:56  Siege Tank  
  103  9:58  SCV x2  
  108  10:00  SCV  
  108  10:01  Marine  
  108  10:02  Marine  
  109  10:08  Marine x2  
  103  10:16  Marine  
  103  10:18  SCV  
  103  10:19  Orbital Command, Marine  
  103  10:20  Marine  
  90  10:21  SCV  
  90  10:26  Marine  
  85  10:29  Marine  
  85  10:30  SCV  
  89  10:39  Medivac x2  
  89  10:42  Marine  
  92  10:44  Marine  
  92  10:47  Marine  
  92  10:49  Marine  
  90  10:53  Marine  
  90  10:56  Marine  
  72  10:58  Marine  
Show
View Real Time Build Order
Export as new Build Order

Serral Zerg - Winner!

Build Orders: Hatch First, Ravager All-In 

Get SALT Encoding   

  12  0:00  Drone  
  13  0:12  Overlord  
  13  0:16  Drone  
  14  0:30  Drone x2  
  14  0:34  Drone  
  17  0:53  Hatchery  
  17  0:56  Drone  
  17  1:10  Spawning Pool  
  16  1:13  Drone  
  16  1:15  Extractor  
  16  1:17  Drone  
  17  1:20  Drone  
  18  1:28  Drone  
  19  1:38  Drone  
  20  1:49  Drone  
  20  1:54  Extractor  
  20  1:57  Roach Warren, Queen  
  20  2:00  Drone  
  22  2:05  Queen  
  25  2:08  Zergling x2  
  25  2:15  Overlord  
  25  2:21  Overlord  
  27  2:37  Roach x2  
  27  2:39  Roach  
  31  2:51  Queen  
  32  2:59  Roach  
  32  3:01  Ravager x2  
  32  3:02  Ravager  
  37  3:08  Drone  
  37  3:09  Drone  
  39  3:14  Roach  
  41  3:20  Ravager  
  41  3:24  Overlord  
  42  3:46  Roach  
  42  3:47  Queen  
  43  3:48  Roach  
  43  3:50  Ravager  
  46  4:15  Roach  
  46  4:16  Ravager x2  
  47  4:24  Hatchery  
  46  4:28  Drone x3  
  49  4:38  Ravager  
  50  4:43  Drone  
  50  4:44  Overlord  
  51  4:48  Drone  
  51  4:52  Metabolic Boost  
  52  5:08  Drone x2  
  54  5:14  Drone  
  54  5:15  Drone x2, Lair  
  54  5:16  Overlord  
  54  5:17  Drone  
  58  5:26  Overlord  
  58  5:28  Overlord  
  58  5:36  Queen  
  58  5:38  Drone  
  58  5:40  Drone  
  62  5:44  Drone x2  
  61  5:50  Drone x2  
  60  5:58  Roach x2  
  60  6:00  Zergling x8  
  68  6:06  Zergling x2  
  69  6:16  Overseer  
  69  6:17  Zergling x2  
  69  6:18  Zergling x4  
  72  6:21  Hatchery  
  72  6:23  Ravager x2  
  73  6:28  Drone x3  
  73  6:30  Overlord  
  73  6:31  Extractor  
  71  6:34  Overlord  
  71  6:36  Zergling x2  
  71  6:44  Zergling x4  
  66  6:49  Roach  
  66  6:51  Roach  
  61  6:55  Drone x3  
  61  6:58  Drone  
  61  6:59  Glial Reconstitution, Extractor  
  61  7:11  Drone  
  61  7:12  Evolution Chamber  
  61  7:13  Roach x3  
  67  7:16  Roach  
  67  7:19  Roach  
  71  7:29  Drone  
  72  7:31  Evolution Chamber  
  72  7:33  Drone x3  
  72  7:34  Drone, Queen  
  77  7:38  Drone  
  77  7:39  Drone  
  77  7:42  Drone x2  
  81  7:45  Drone  
  81  7:47  Drone  
  81  7:50  Drone  
  83  7:52  Drone x2  
  83  7:53  Drone  
  83  7:59  Overlord  
  83  8:01  Zerg Missile Weapons Level 1  
  83  8:06  Zerg Ground Armor Level 1  
  83  8:07  Drone  
  83  8:10  Burrow  
  84  8:14  Drone x3  
  84  8:16  Drone  
  88  8:21  Tunneling Claws  
  88  8:23  Drone x2, Extractor x2  
  88  8:24  Drone  
  89  8:28  Drone x3  
  89  8:32  Overseer  
  89  8:33  Roach x2  
  96  8:37  Overlord  
  96  8:38  Overlord  
  96  8:40  Overlord  
  96  8:45  Roach x2  
  100  8:52  Hatchery  
  101  8:55  Roach  
  101  8:56  Roach  
  101  9:00  Roach x2  
  101  9:02  Overseer  
  107  9:06  Ravager x8  
  115  9:10  Roach x3  
  115  9:15  Roach x2  
  115  9:16  Roach  
  126  9:24  Overlord  
  126  9:25  Roach x2  
  130  9:37  Overlord x2  
  130  9:42  Overlord  
  130  9:46  Roach x12  
  130  9:50  Overlord  
  128  9:54  Overlord  
  128  9:58  Roach x8  
  144  10:03  Unknown  
  139  10:17  Roach x10  
  138  10:23  Roach x3  
  138  10:26  Overseer  
  141  10:31  Drone x3  
  141  10:33  Drone x4  
  148  10:36  Ravager x3  
  148  10:40  Roach x2  
  148  10:41  Roach  
  157  10:48  Overlord  
  157  10:49  Roach  
  167  10:50  Roach x4  
  167  10:56  Roach  
  153  10:59  Roach x2  
Tags
 
Add a new tag
Caveats
  • Supply blocks, unpowered buildings, or Contaminate may cause inaccurate times.
  • Supply counts are checked every 10 seconds.